 Dungeon Crawl Stone Soup version 0.20-a0-1124-g2e29d97 (webtiles) character file.

34 shitimlost the Sneak (level 3, 0/16 HPs)
             Began as a Vine Stalker Enchanter on May 16, 2017.
             Slain by a gnoll (5 damage)
             ... on level 1 of the Dungeon.
             The game lasted 00:02:57 (571 turns).

shitimlost the Sneak (Vine Stalker Enchanter)        Turns: 571, Time: 00:02:58

Health: 0/16       AC:  5    Str: 10    XL:     3   Next: 31%
Magic:  0/7        EV: 12    Int: 16    God:
Gold:   43         SH:  0    Dex: 14    Spells: 6/7 levels left

rFire    . . .     SeeInvis .   a - +1 dagger
rCold    . . .     Gourm    .   (no shield)
rNeg     . . .     Faith    .   b - +0 robe
rPois    .         Spirit   +   (no helmet)
rElec    .         Reflect  .   (no cloak)
rCorr    .         Harm     .   (no gloves)
MR       .....                  l - +2 pair of boots
Stlth    ++........             (no amulet)
Regen    0.1/turn               j - ring of loudness (curse)
MPRegen  0.1/turn               (no ring)

@: no status effects
A: fangs 2, magic shield, antimagic bite, no potion heal 3, rot immunity
a: no special abilities


You were on level 1 of the Dungeon.
You were not hungry.

You visited 1 branch of the dungeon, and saw 2 of its levels.

You collected 43 gold pieces.

Inventory:

Hand Weapons
 a - a +1 dagger (weapon)
 k - a +0 short sword
Armour
 b - a +0 robe (worn)
 l - a +2 pair of boots (worn)
Jewellery
 j - a cursed ring of loudness (left hand)
Scrolls
 e - a scroll of identify
Potions
 f - a potion of invisibility
 i - a potion of degeneration {unknown}
Books
 c - a book of Maledictions

   Spells                             Type                      Level
   a - Corona                         Hexes                        1
   b - Ensorcelled Hibernation        Hexes/Ice                    2
   c - Confuse                        Hexes                        3
   d - Tukima's Dance                 Hexes                        3
   e - Dazzling Spray                 Conjuration/Hexes            3
Comestibles
 d - 2 bread rations
 g - a meat ration
 h - a chunk of flesh


   Skills:
 + Level 1.6 Short Blades
 + Level 2.1 Dodging
 + Level 4.0 Stealth
 + Level 2.5 Spellcasting
 + Level 3.0 Hexes


You had 6 spell levels left.
You knew the following spells:

 Your Spells              Type           Power        Failure   Level  Hunger
a - Corona                Hex            ##.....      6%          1    #......


Dungeon Overview and Level Annotations

Branches:
Dungeon (2/15)

Altars:

Annotations:
D:2 Robin


Innate Abilities, Weirdness & Mutations

You have extremely sharp teeth.
When hurt, damage is shared between your health and your magic reserves.
Your bite disrupts and absorbs the magic of your enemies.
Potions cannot restore your health.
You are immune to rotting.


Message History

There is an escape hatch in the floor here.
Robin shouts!
A goblin comes into view.
The hobgoblin shouts!
The goblin shouts!
The goblin moves out of view.
A goblin comes into view. It is wielding a club.
The goblin shouts!
Robin roars a battlecry!
The goblins go into a battle-frenzy!
There is a stone staircase leading up here.
You see here a stone.
You climb upwards.
The gnoll closely misses you. The gnoll hits you.
There is a stone staircase leading down here.
Casting: Corona
Confirm with . or Enter, or press ? or * to list all spells.
Aiming: Corona
Press: ? - help, Shift-Dir - straight line, f - gnoll
Aim: a gnoll (chance to defeat MR: 55%)
The gnoll is outlined in light.
The bat misses you. The gnoll hits you.
You die...

. #.#.# #....
#.#####.#.#######.#..
#.....#........##....
#..#....>.........≈≈#
#..#..#.†........≈≈≈#
#...............≈≈P≈≈
#.##..#.#.##....≈≈≈≈≈
#.....)........≈≈≈≈≈≈
......#@g......≈≈≈≈≈≈P≈#
#.... #b...#...≈≈≈≈≈≈≈≈.
#... ######..≈≈P≈≈PP≈≈.
#.. ...≈≈≈≈≈≈≈. #.
.≈≈≈≈≈≈ . ≈P≈≈≈ ≈≈≈ ≈≈≈


You could see a gnoll and a bat.

Vanquished Creatures
  2 dart slugs (D:1)
  4 bats
  3 giant cockroaches (D:1)
  5 goblins (D:2)
  4 hobgoblins
  2 frilled lizards
  4 kobolds
  A rat (D:1)
25 creatures vanquished.

Notes
Turn   | Place    | Note
-------+----------+-------------------------------------------
     0 | D:1      | shitimlost the Vine Stalker Enchanter began the quest for the Orb.
     0 | D:1      | Reached XP level 1. HP: 9/9 MP: 4/4
    34 | D:1      | Reached skill level 1 in Short Blades
   160 | D:1      | Reached XP level 2. HP: 13/13 MP: 6/6
   478 | D:2      | Reached XP level 3. HP: 15/16 MP: 5/7
   481 | D:2      | Noticed Robin
   505 | D:2      | Reached skill level 4 in Stealth
   571 | D:1      | Slain by a gnoll

Vault maps used:
D:1:      lemuel_arrival_muddy, chequers_big_river
D:2:      grunt_temple_overflow_cloverleaf, uniq_robin

Skill      XL: |  1  2  3 |
---------------+----------+-----
Short Blades   | 1 |  1.6
Dodging        | 2 |  2.1
Stealth        | 4 |  4.0
Spellcasting   | |  2.5
Hexes          | |  3.0

Action                   || total
-------------------------++-------
Melee: Dagger            ||    71
       Bite              ||    12
 Cast: Corona            ||    16
  Use: Scroll            ||     2
 Stab: Sleeping          ||     7
Armor: Robe              ||    24
Dodge: Dodged            ||    61
